 Dungeon Crawl Stone Soup version 0.30-a0-964-gd452b5e7fa (webtiles) character file.

Game seed: 10426803078872626605

9 Newt the Shooter (level 2, 0/19 HPs)
             Began as a Kobold Hunter on Mar 30, 2023.
             Succumbed to a goblin's poison
             ... on level 1 of the Dungeon.
             The game lasted 00:00:16 (164 turns).

Newt the Shooter (Kobold Hunter)                     Turns: 164, Time: 00:00:16

Health: 0/19       AC:  3    Str:  8    XL:     2   Next: 25%
Magic:  2/2        EV: 14    Int: 10    God:
Gold:   13         SH:  0    Dex: 18    Spells: 1/1 levels left

rFire   . . .      SeeInvis .    a - +0 shortbow
rCold   . . .      Faith    .    (shield currently unavailable)
rNeg    . . .      Spirit   .    c - +0 leather armour
rPois   .          Reflect  .    (no helmet)
rElec   .          Rampage  .    (no cloak)
rCorr   .                        (no gloves)
Will    .....                    (no boots)
Stlth   +++                      (no amulet)
HPRegen 0.23/turn                (no ring)
MPRegen 0.08/turn                (no ring)

@: lethally poisoned (0 -> -4), hasted, very quick
A: small, no large weapons, nightstalker 3
a: no special abilities


You were on level 1 of the Dungeon.
You visited 1 branch of the dungeon, and saw 1 of its levels.

You collected 13 gold pieces.

Inventory:

Hand Weapons
 a - a +0 shortbow (weapon)
Armour
 c - a +0 leather armour (worn)
Scrolls
 b - a scroll of immolation
 d - a scroll of enchant armour {unknown}
 f - a scroll of identify {unknown}


   Skills:
 + Level 3.1 Fighting
 - Level 5.3 Ranged Weapons
 - Level 2.4 Dodging
 - Level 1.3 Stealth


You had one spell level left.
You didn't know any spells.
Your spell library was empty.

Dungeon Overview and Level Annotations

Branches:
Dungeon (1/15)

Altars:


Innate Abilities, Weirdness & Mutations

You are small and have problems with some larger weapons.
You are completely attuned to the shadows.


Message History

The frilled lizard hisses angrily.
The arrow hits the goblin!
You kill the goblin!
You shoot an arrow. The arrow hits the goblin.
The goblin is moderately wounded.
A goblin comes into view. It is wielding a +2 dagger of venom.
The goblin barely misses you.
You shoot an arrow. The arrow closely misses the goblin.
The arrow hits the frilled lizard!
You kill the frilled lizard!
The goblin hits you with a +0 club.
You shoot an arrow. The arrow barely misses the goblin.
The goblin misses you.
The goblin hits you with a +2 dagger of venom.
Unknown command.
You shoot an arrow. The arrow hits the goblin.
The goblin is moderately wounded.
The goblin hits you with a +0 club.
The goblin hits you with a +2 dagger of venom.
You are lethally poisoned!
The goblin completely misses you. The goblin barely misses you.
The goblin attacks as you move away! The goblin barely misses you.
* * * LOW HITPOINT WARNING * * *
You feel very sick.
Unknown command.
It was a potion of haste.
You feel yourself speed up.
* * * LOW HITPOINT WARNING * * *
You feel sick. The goblin completely misses you.
Unknown command.
You shoot an arrow. The arrow barely misses the goblin.
The arrow hits the goblin.
The goblin is moderately wounded.
* * * LOW HITPOINT WARNING * * *
You feel sick.
You hear an angry hiss.
The goblin hits you with a +0 club.
* * * LOW HITPOINT WARNING * * *
You shoot an arrow. The arrow closely misses the goblin.
The arrow hits the goblin!
You kill the goblin!
You die...

###.########.#
#.#.##.....#
#.#.##.....# ..#.
#.#.##.....# ......
#.####.....#
[.....####.# #.......
..†.#...#..####.....##
...)##..............#
..†)g@...###........#
....###.... .......)#
.... ##.####.......##
#### #..##..........
.##.....†....
.......)....
.##........
..###...(...
...........


You could see a goblin.

Vanquished Creatures
  An endoplasm (D:1)
  3 goblins (D:1)
  A hobgoblin (D:1)
  A quokka (D:1)
  2 ball pythons (D:1)
  A frilled lizard (D:1)
  A kobold (D:1)
  A rat (D:1)
11 creatures vanquished.

Notes
Turn   | Place    | Note
-------+----------+-------------------------------------------
     0 | D:1      | Newt the Kobold Hunter began the quest for the Orb.
     0 | D:1      | Reached XP level 1. HP: 12/12 MP: 1/1
    45 | D:1      | Reached XP level 2. HP: 18/18 MP: 2/2
   164 | D:1      | Succumbed to a goblin's poison

Illustrated notes

Levels and vault maps discovered:
D:1:      dpeg_arrival_ratfight, layout_rooms, serial_aquarium,
          aquarium_bridge_straight [aquarium_subvault_bridge,
          aquarium_subvault_balcony, aquarium_subvault_bridge,
          aquarium_subvault_wall], aquarium_bridge_straight
          [aquarium_subvault_bridge, aquarium_subvault_window,
          aquarium_subvault_bridge, aquarium_subvault_balcony],
          aquarium_window_fake, aquarium_window_double, aquarium_window_1,
          aquarium_view_2d, minivault_14

Skill      XL: |  1  2 |
---------------+-------+-----
Fighting       | 3 |  3.1
Ranged Weapons | |  5.3
Dodging        | |  2.4
Stealth        | |  1.3

Action                     || total
---------------------------++-------
   Fire: Shortbow          ||    31
    Use: Potion            ||     1
 Armour: Leather armour    ||     1
  Dodge: Dodged            ||    16

Table legend: (Time is in decaauts)
 A = Elapsed time spent in this place.
 B = Non-inter-level travel time spent in this place.
 C = Inter-level travel time spent in this place.
 D = Time resting spent in this place.
 E = Time spent auto-exploring this place.
 F = Levels seen in this place.
 G = Mean time per level.
                   A        B        C        D        E       F      G
               +--------+--------+--------+--------+--------+-----+--------+
         Total |    172 |    172 |      0 |      0 |    122 |   1 |  172.0 |
       Dungeon |    172 |    172 |      0 |      0 |    122 |   1 |  172.0 |
               +--------+--------+--------+--------+--------+-----+--------+

Top non-repeatable levels by time:
     D:1: 172 daAuts
